 Dungeon Crawl Stone Soup version 0.27.1-1-g398f81649c (webtiles) character file.

Game seed: 1380578815242566722

95 Metae the Skirmisher (level 4, -2/41 HPs)
             Began as a Hill Orc Fighter on Sept 7, 2021.
             Was a Follower of Ru.
             Slain by a gnoll (5 damage)
             ... on level 2 of the Dungeon.
             The game lasted 00:08:09 (1591 turns).

Metae the Skirmisher (Hill Orc Fighter)             Turns: 1591, Time: 00:08:09

Health: -2/41      AC:  2    Str: 19    XL:     4   Next: 66%
Magic:  4/4        EV:  9    Int:  8    God:    Ru [*.....]
Gold:   42         SH:  9    Dex: 10    Spells: 3/3 levels left

rFire    . . .     SeeInvis .   a - +0 war axe
rCold    . . .     Faith    .   c - +0 kite shield
rNeg     . . .     Spirit   .   p - +0 animal skin
rPois    .         Reflect  .   (no helmet)
rElec    .         Harm     .   (no cloak)
rCorr    .         Rampage  .   (no gloves)
Will     .....                  (no boots)
Stlth    +.........             k - amulet of regeneration
HPRegen  1.13/turn              (no ring)
MPRegen  0.09/turn              (no ring)

@: unable to read
A: inability to read while threatened
a: Renounce Religion


You were on level 2 of the Dungeon.
You worshipped Ru.
Ru was aware of your devotion.
You visited 1 branch of the dungeon, and saw 2 of its levels.

You collected 42 gold pieces.

Inventory:

Hand Weapons
 a - a +0 war axe (weapon)
 e - a +0 hunting sling
Missiles
 o - 87 stones (quivered)
Armour
 b - a +0 scale mail
 c - a +0 kite shield (worn)
 p - a +0 animal skin (worn)
Jewellery
 k - an amulet of regeneration (around neck)
Scrolls
 g - a scroll of silence {unknown}
 h - a scroll of enchant weapon {unknown}
 i - 2 scrolls of identify {unknown}
 j - 3 scrolls of summoning {unknown}
 l - a scroll of magic mapping {unknown}
 q - a scroll of teleportation {unknown}
Potions
 d - a potion of flight {unknown}
 f - a potion of haste {unknown}
 m - a potion of ambrosia
 n - a potion of degeneration {unknown}


   Skills:
 * Level 4.7 Fighting
 + Level 3.4 Axes
 * Level 4.3 Armour
 + Level 3.7 Shields


You had 3 spell levels left.
You didn't know any spells.
Your spell library was empty.

Dungeon Overview and Level Annotations

Branches:
Dungeon (2/15)

Altars:
Ru
Xom


Innate Abilities, Weirdness & Mutations

You sometimes lose the ability to read scrolls when taking damage.


Message History

You kill the goblin!
The endoplasm closely misses you.
You barely miss the endoplasm.
The dart slug begins to attack, but is stunned by your conviction!
The endoplasm freezes you.
You are frozen.
You slash the endoplasm!
You kill the endoplasm!
The goblin hits you with a +0 dagger.
You slash the goblin!
You kill the goblin!
You hit the dart slug but do no damage. You block the dart slug's attack.
You slash the dart slug!
You kill the dart slug!
o - 87 stones (gained 19)
i - 2 scrolls labelled EVOLI WAICKUU (gained 1)
Items here: )))))) ÷ ††.
Items here: )))))) ÷ ††.
Items here: )))))))) ÷ †.
Items here: )) [[ ††.
Items here: )) [[ ††.
The gnoll hits you from afar with a +1 spear of distortion.
Space warps horribly around you!
Items here: )))))))) ÷ †.
The gnoll hits you with a +1 spear of distortion.
You feel threatened and lose the ability to read scrolls!
Space warps horribly around you.
You closely miss the gnoll. You block the gnoll's attack.
The gnoll hits you from afar with a +0 spear!
You block the gnoll's attack.
You closely miss the gnoll.
The gnoll hits you from afar with a +0 spear.
* * * LOW HITPOINT WARNING * * *
You block the gnoll's attack. x2
You closely miss the gnoll.
The gnoll shouts!
The gnoll hits you with a +1 spear of distortion!
* * * LOW HITPOINT WARNING * * *
Space warps horribly around you.
You die...

.....####...........#
#.......# ...#......).......#
#.......##
#.#..............####.......##
#..†........................##
###...#....<#.###........#####
###########.##.........# # ..
..##.........# #
...###########.....#########
.........gg@)).....'.......'
....g...########...###..####
........# ######...# ##.# #
...............#...# #..# #
...............#...#####.##
...g......................#
..........................#
..........................#
...........................#


You could see 3 gnolls.

Vanquished Creatures
  Robin (D:2)
  A gnoll (D:2)
  2 adders (D:2)
  2 worms (D:2)
  A dart slug (D:2)
  6 endoplasms
  A giant cockroach (D:2)
  15 goblins
  5 hobgoblins
  A quokka (D:1)
  4 ball pythons
  A bat (D:1)
  A frilled lizard (D:2)
  3 kobolds
  4 rats
48 creatures vanquished.

Notes
Turn   | Place    | Note
-------+----------+-------------------------------------------
     0 | D:1      | Metae the Hill Orc Fighter began the quest for the Orb.
     0 | D:1      | Reached XP level 1. HP: 19/19 MP: 1/1
   291 | D:1      | Reached XP level 2. HP: 27/27 MP: 2/2
   395 | D:1      | Found a faded altar of an unknown god.
   406 | D:1      | Became a worshipper of Ru the Awakened
   413 | D:1      | Gained mutation: You sometimes lose the ability to read
                  | scrolls when taking damage. [Ru sacrifice]
   413 | D:1      | Reached * piety under Ru
  1174 | D:2      | Reached XP level 3. HP: 15/33 MP: 3/3
  1244 | D:2      | Noticed Robin
  1276 | D:2      | Killed Robin
  1277 | D:2      | Reached XP level 4. HP: 38/41 MP: 4/4
  1394 | D:2      | Found a shimmering altar of Xom.
  1591 | D:2      | Slain by a gnoll

Illustrated notes

Levels and vault maps discovered:
D:1:      evilmike_arrival_hilbert_curve, layout_basic,
          hellmonk_ecumenical_altar_arch_garden, grunt_decor_resistance
D:2:      layout_basic, basic_altar, chequers_arboretum, minmay_heptomino_l4,
          uniq_robin

Skill      XL: |  1  2  3 |
---------------+----------+-----
Fighting       | 4 |  4.7
Axes           | 3 |  3.4
Armour         | 4 |  4.3
Shields        | |  3.7

Action                   |  1- 3 |  4- 6 || total
-------------------------+-------+-------++-------
Melee: War axe           |    85 |    46 ||   131
Invok: Sacrifice Words   |     1 |       ||     1
  Use: Potion            |     1 |     1 ||     2
Armor: Scale mail        |    48 |       ||    48
       Animal skin       |       |     4 ||     4
Dodge: Dodged            |    34 |    21 ||    55
Block: Kite shield       |    51 |    28 ||    79
